 Dungeon Crawl Stone Soup version 0.24-a0-475-g5b41c6f198 (webtiles) character file.

Game seed: 7203005051264004769

421 deorigin the Cutter (level 6, -3/47 HPs)
             Began as a Demonspawn Assassin on July 5, 2019.
             Slain by a centaur (5 damage)
             ... on level 4 of the Dungeon.
             The game lasted 00:11:31 (5096 turns).

deorigin the Cutter (Demonspawn Assassin)           Turns: 5096, Time: 00:11:31

Health: -3/47      AC:  4    Str: 12    XL:     6   Next: 62%
Magic:  6/6        EV: 13    Int: 13    God:
Gold:   111        SH:  0    Dex: 15    Spells: 5/5 levels left

rFire    . . .     SeeInvis .   B - +2 dagger (venom)
rCold    + . .     Gourm    .   (no shield)
rNeg     . . .     Faith    .   m - +0 leather armour
rPois    .         Spirit   .   (helmet restricted)
rElec    .         Reflect  .   c - +0 cloak
rCorr    .         Harm     .   (no gloves)
MR       .....                  (no boots)
Stlth    ++........             (no amulet)
HPRegen  0.15/turn              (no ring)
MPRegen  0.10/turn              (no ring)

@: no status effects
A: antennae 2, cold resistance 1, freezing cloud immunity
a: no special abilities


You were on level 4 of the Dungeon.
You were not hungry.

You visited 1 branch of the dungeon, and saw 4 of its levels.

You collected 111 gold pieces.

Inventory:

Hand Weapons
 a - a +2 dagger
 u - a +0 falchion
 w - a +2 whip of venom
 B - a +2 dagger of venom (weapon)
 G - a +0 hunting sling
Missiles
 d - 7 poisoned darts (quivered)
 e - 2 curare-tipped darts
 i - 3 boomerangs
 z - 6 atropa-tipped darts
 F - 16 stones
Armour
 b - a +0 robe
 c - a +0 cloak (worn)
 k - a +0 plate armour
 m - a +0 leather armour (worn)
 p - a +0 scale mail
 y - a +0 scale mail
 I - a +0 ring mail
Jewellery
 x - an uncursed amulet of the acrobat {unknown}
 C - a +3 ring of protection {unknown}
Wands
 D - a wand of scattershot (3)
Scrolls
 j - a scroll of remove curse {unknown}
 l - a scroll of identify {unknown}
 n - a scroll of fear {unknown}
 q - 2 scrolls of blinking {unknown}
 t - a scroll of noise {unknown}
 v - a scroll of amnesia {unknown}
Potions
 g - a potion of mutation {unknown}
 h - 2 potions of magic {unknown}
 o - a potion of might {unknown}
 r - a potion of heal wounds {unknown}
 s - a potion of degeneration {unknown}
 A - a potion of curing {unknown}
Comestibles
 f - 3 rations
 H - 5 chunks of flesh


   Skills:
 + Level 3.3 Fighting
 - Level 4.3 Short Blades
 - Level 1.7 Throwing
 - Level 4.0 Dodging
 - Level 3.6 Stealth


You had 5 spell levels left.
You didn't know any spells.
Your spell library was empty.

Dungeon Overview and Level Annotations

Branches:
Dungeon (4/15)
 Temple: D:4-7

Altars:

Annotations:
D:3 1 runed translucent door, Crazy Yiuf


Innate Abilities, Weirdness & Mutations

You have a pair of antennae on your head.
Your flesh is cold resistant. (rC+)
You are immune to freezing clouds.


Message History

The centaur hits you.
You hit the centaur but do no damage.
The centaur is heavily wounded.
The centaur barely misses you.
You hit the centaur but do no damage.
The centaur looks as sick as possible!
The centaur is heavily wounded.
The centaur closely misses you.
You barely miss the centaur.
The centaur is severely wounded.
The centaur barely misses you.
You hit the centaur but do no damage.
The centaur is almost dead.
The centaur hits you!
* * * LOW HITPOINT WARNING * * *
You hit the centaur.
The centaur looks as sick as possible!
The centaur is almost dead.
The centaur hits you.
* * * LOW HITPOINT WARNING * * *
The centaur hits you.
You die...

#############
###...........#
#.............#
#.#...........#
##.#...........#########
..........(....(@c......
##.#..........(#######.#
#.#...........#
#.#...........#
...#...........# #..#
#.#######.. ..# .# #.#
... #.. ## ###


You could see a centaur.

Vanquished Creatures
  An ogre (D:4)
  A hound (D:2)
  A gnoll shaman (D:4)
  Jessica (D:2)
  Ijyb (D:3)
  Terence (D:3)
  An orc wizard (D:4)
  A worker ant (D:4)
  4 adders
  4 gnolls (D:4)
  An ooze (D:1)
  An adder skeleton (D:3)
  2 leopard geckos
  11 orcs
  3 giant cockroaches
  5 goblins
  7 hobgoblins
  7 jackals
  6 bats
  2 frilled lizards
  A kobold (D:2)
  6 rats
68 creatures vanquished.

Notes
Turn   | Place    | Note
-------+----------+-------------------------------------------
     0 | D:1      | deorigin the Demonspawn Assassin began the quest for the
                  | Orb.
     0 | D:1      | Reached XP level 1. HP: 16/16 MP: 1/1
   119 | D:1      | You fall into a shaft and drop 1 floor!
   197 | D:2      | Gained mutation: Your flesh is cold resistant. (rC+)
                  | [demonic ancestry]
   197 | D:2      | Reached XP level 2. HP: 18/22 MP: 2/2
   537 | D:2      | Noticed Jessica
   559 | D:2      | Killed Jessica
   559 | D:2      | Gained mutation: You are immune to freezing clouds.
                  | [demonic ancestry]
   559 | D:2      | Reached XP level 3. HP: 9/27 MP: 3/3
  1858 | D:2      | Gained mutation: You have a pair of small antennae on your
                  | head. [demonic ancestry]
  1858 | D:2      | Reached XP level 4. HP: 33/33 MP: 4/4
  2077 | D:3      | Reached skill level 1 in Dodging
  2608 | D:3      | Noticed Terence
  2618 | D:3      | Killed Terence
  2618 | D:3      | Reached XP level 5. HP: 28/38 MP: 5/5
  2731 | D:3      | Found a runed translucent door.
  2732 | D:3      | Noticed Crazy Yiuf
  3393 | D:3      | Noticed Ijyb
  3404 | D:3      | Killed Ijyb
  4510 | D:4      | Gained mutation: You have a pair of antennae on your head.
                  | [demonic ancestry]
  4510 | D:4      | Reached XP level 6. HP: 26/44 MP: 6/6
  5096 | D:4      | HP: 2/47 [centaur (6)]
  5096 | D:4      | Slain by a centaur

Levels and vault maps discovered:
D:1:      ebering_hopf_link, layout_basic
D:2:      layout_basic, uniq_jessica
D:3:      layout_basic, first_ration, uniq_ijyb, uniq_terence,
          uniq_crazy_yiuf_cottage
D:4:      layout_basic, lemuel_doored_altar, minmay_goblin_outpost

Skill      XL: |  1  2  3  4  5  6 |
---------------+-------------------+-----
Short Blades   | 2 3 4 |  4.3
Dodging        | 2 3 4 |  4.0
Fighting       | 3 |  3.3
Throwing       | |  1.7
Stealth        | |  3.6

Action                   |  1- 3 |  4- 6 || total
-------------------------+-------+-------++-------
Melee: Dagger            |    76 |   137 ||   213
       Whip              |       |    58 ||    58
Throw: Dart              |     6 |    13 ||    19
 Stab: Sleeping          |     3 |     7 ||    10
  Eat: Chunk             |     3 |    10 ||    13
Armor: Robe              |     7 |       ||     7
       Leather armour    |     7 |    32 ||    39
Dodge: Dodged            |    39 |   106 ||   145

Table legend:
 A = Non-vault XP
 B = Vault XP
 C = Vault XP percentage of total XP
 D = Non-vault monster count
 E = Vault monster count
 F = Vault count percentage of total count
                 A         B        C        D         E       F
            +---------+---------+-------+---------+---------+-------
      Total |     487 |     115 |  19.1 |      62 |       6 |   8.8
            +---------+---------+-------+---------+---------+-------
        D:1 |      15 |       0 |   0.0 |       7 |       0 |   0.0
        D:2 |      91 |      37 |  28.9 |      17 |       1 |   5.6
        D:3 |      56 |      72 |  56.2 |      19 |       2 |   9.5
        D:4 |     325 |       6 |   1.8 |      19 |       3 |  13.6
            +---------+---------+-------+---------+---------+-------
